 Dungeon Crawl Stone Soup version 0.28.0-45-g0d030f2227 (webtiles) character file.

Game seed: 6693179406355503893

3187 MisterFreud the Covert (level 9, -6/74 HPs)
             Began as a Gnoll Delver on May 26, 2022.
             Was an Initiate of Ru.
             Mangled by Grum
             ... wielding a +0 spear
              (19 damage)
             ... on level 8 of the Dungeon.
             The game lasted 00:09:03 (8250 turns).

MisterFreud the Covert (Gnoll Delver)               Turns: 8250, Time: 00:09:03

Health: -6/74      AC:  6    Str: 13    XL:     9   Next: 95%
Magic:  16/16      EV: 14    Int: 13    God:    Ru [......]
Gold:   429        SH:  0    Dex: 13    Spells: 17/17 levels left

rFire   . . .      SeeInvis .   y - +3 dagger (elec)
rCold   . . .      Faith    .   (no shield)
rNeg    . . .      Spirit   .   b - +0 leather armour
rPois   .          Reflect  .   e - +2 helmet
rElec   .          Harm     .   (no cloak)
rCorr   .          Rampage  .   (no gloves)
Will    +....                   (no boots)
Stlth   ++++......              (no amulet)
HPRegen 0.22/turn               r - ring of wizardry
MPRegen 0.15/turn               s - ring of willpower

@: no status effects
A: fangs 1, strong nose, distributed training
a: Renounce Religion


You were on level 8 of the Dungeon.
You worshipped Ru.
Ru was noncommittal.
You visited 2 branches of the dungeon, and saw 9 of its levels.

You collected 429 gold pieces.

Inventory:

Hand Weapons
 a - a +0 vorpal short sword
 n - a +2 dagger of venom
 y - a +3 dagger of electrocution (weapon)
Missiles
 i - 2 boomerangs (quivered)
 p - 6 poisoned darts
 w - a throwing net
 x - a curare-tipped dart
Armour
 b - a +0 leather armour (worn)
 e - a +2 helmet (worn)
 l - a +0 buckler
Jewellery
 r - a ring of wizardry (left hand)
 s - a ring of willpower (right hand)
 B - an amulet of guardian spirit
Wands
 g - a wand of digging (3)
 o - a wand of iceblast (7)
 u - a wand of flame (28)
Scrolls
 c - a scroll of fog
 d - 3 scrolls of magic mapping
 h - a scroll of identify
 t - a scroll of holy word {unknown}
 A - a scroll of blinking {unknown}
 C - a scroll of teleportation
Potions
 f - a potion of haste
 j - 4 potions of flight
 m - 2 potions of curing
 q - a potion of mutation {unknown}
 v - a potion of ambrosia
 z - a potion of attraction


   Skills:
 + Level 8.2 Fighting
 + Level 6.6 Short Blades
 + Level 4.7 Long Blades
 + Level 4.7 Axes
 + Level 4.7 Maces & Flails
 + Level 4.7 Polearms
 + Level 4.7 Staves
 + Level 4.7 Slings
 + Level 4.7 Bows
 + Level 4.7 Crossbows
 + Level 4.7 Throwing
 + Level 4.7 Armour
 + Level 6.6 Dodging
 + Level 10.7 Stealth
 + Level 4.7 Shields
 + Level 4.7 Unarmed Combat
 + Level 4.7 Spellcasting
 + Level 3.9 Conjurations
 + Level 3.9 Hexes
 + Level 3.9 Summonings
 + Level 3.9 Necromancy
 + Level 3.9 Translocations
 + Level 3.9 Transmutations
 + Level 3.9 Fire Magic
 + Level 3.9 Ice Magic
 + Level 3.9 Air Magic
 + Level 3.9 Earth Magic
 + Level 3.9 Poison Magic
 + Level 5.2 Invocations
 + Level 4.7 Evocations


You had 17 spell levels left.
You didn't know any spells.
Your spell library contained the following spells:

 Spells                   Type           Power      Damage    Failure   Level
 Freeze                   Ice            52%        1d7       1%          1
 Magic Dart               Conj           52%        1d5       1%          1
 Searing Ray              Conj           26%        2d5       2%          2
 Call Canine Familiar     Summ           13%        N/A       6%          3
 Dazzling Flash           Conj/Hex       26%        N/A       6%          3
 Frozen Ramparts          Ice            26%        1d4       6%          3
 Ozocubu's Armour         Ice            13%        N/A       6%          3
 Fulminant Prism          Conj/Hex       6%         3d7       19%         4
 Hailstorm                Conj/Ice       13%        3d5       19%         4
 Agony                    Necr           13%        N/A       45%         5
 Metabolic Englaciation   Hex/Ice        6%         N/A       45%         5
 Silence                  Hex/Air        6%         N/A       45%         5
 Simulacrum               Ice/Necr       6%         N/A       94%         6
 Malign Gateway           Summ/Tloc      6%         N/A       100%        7
 Dragon's Call            Summ           6%         N/A       100%        9


Dungeon Overview and Level Annotations

Branches:
Dungeon (8/15)             Temple (1/1) D:7
   Lair: D:8-11

Altars:
Ashenzari
Cheibriados
Dithmenos
Elyvilon
Fedhas
Gozag
Hepliaklqana
Kikubaaqudgha
Makhleb
Nemelex Xobeh
Okawaru
Qazlal
Ru
Sif Muna
Trog
Uskayaw
Vehumet
Wu Jian
Xom
Yredelemnul
Zin
The Shining One

Annotations:
D:4 1 runed translucent door, SHADDY's ghost, novice VSFi
D:8 Grum


Innate Abilities, Weirdness & Mutations

You have very sharp teeth.
Your uncanny sense of smell can sniff out nearby items.
Your experience applies equally to all skills.


Message History

You hit the orc warrior but do no damage.
The orc warrior is almost dead.
The wolf bites you.
You puncture the orc warrior!
You kill the orc warrior!
Grum the Hunter comes into view.
He is wielding a +0 spear and carrying a wand of flame (16).
The wolf misses you. The wolf bites you. The wolf bites you but does no damage.
The wolf barely misses you.
You miss the wolf. The wolf bites you.
You miss the wolf. The wolf barely misses you.
You hit the wolf but do no damage. Lightning courses through the wolf!
The wolf is heavily wounded.
Grum hits you from afar with a +0 spear!
The wolf bites you!
You hit the wolf.
The wolf is severely wounded.
The wolf bites you.
* * * LOW HITPOINT WARNING * * *
Grum completely misses you.
You hit the wolf. Lightning courses through the wolf!
You kill the wolf!
Grum hits you with a +0 spear.
* * * LOW HITPOINT WARNING * * *
You hit Grum.
Grum is lightly wounded.
Grum barely misses you.
You barely miss Grum.
Grum is lightly wounded.
Grum zaps a wand.
The puff of flame hits you!
* * * LOW HITPOINT WARNING * * *
You hit Grum but do no damage.
Grum is lightly wounded.
A wolf comes into view.
You hit Grum. Lightning courses through Grum!
Grum is heavily wounded.
Grum points his finger and shouts, "Rex!
Sic 'em!"
Grum hits you with a +0 spear!!
You die...

#.#.. ######.#.. ##
#....#.#.# .# #....'....
.# #....#.#..
g###....#.#..
.#......#.###
######h#.#....#....
#.@g..)#.#....#####
#.######.#....# #.#
#.###### #.# #.#
#.######.##########
########.....##...........
........####.#############
.######.# #.# #...# # #.#
#.#####...# #


You could see Grum and a wolf.

Vanquished Creatures
  Joseph (D:8)
  4 water moccasins
  3 orc warriors
  An ice beast (D:6)
  A black bear (D:8)
  2 ogres
  A wolf (D:8)
  2 centaurs (D:5)
  2 kobold brigands
  4 bullfrogs
  5 scorpions
  4 killer bees (D:8)
  A centaur zombie (D:7)
  A bullfrog zombie (D:6)
  2 hounds (D:6)
  2 orc priests
  A gnoll shaman (D:7)
  5 jellies
  2 centaur skeletons
  3 iguanas
  3 orc wizards (D:6)
  5 adders
  3 white imps
  An ufetubus (D:4)
  A worm (D:2)
  4 dart slugs
  24 orcs
  5 ball pythons
  9 bats
  6 endoplasms
  2 giant cockroaches
  4 goblins
  8 hobgoblins
  8 jackals
  6 quokkas
  A jackal skeleton (D:4)
  8 kobolds
  2 rats (D:1)
147 creatures vanquished.

Notes
Turn   | Place    | Note
-------+----------+-------------------------------------------
     0 | D:5      | Reached skill level 9 in Stealth
     0 | D:5      | MisterFreud the Gnoll Delver began the quest for the Orb.
     0 | D:5      | Reached XP level 1. HP: 23/23 MP: 1/1
    22 | D:5      | Noticed a centaur
    25 | D:5      | Killed a centaur
    26 | D:5      | Reached skill level 1 in Long Blades
    26 | D:5      | Reached skill level 1 in Axes
    26 | D:5      | Reached skill level 1 in Maces & Flails
    26 | D:5      | Reached skill level 1 in Polearms
    26 | D:5      | Reached skill level 1 in Staves
    26 | D:5      | Reached skill level 1 in Slings
    26 | D:5      | Reached skill level 1 in Bows
    26 | D:5      | Reached skill level 1 in Crossbows
    26 | D:5      | Reached skill level 1 in Throwing
    26 | D:5      | Reached skill level 1 in Armour
    26 | D:5      | Reached skill level 1 in Shields
    26 | D:5      | Reached skill level 1 in Unarmed Combat
    26 | D:5      | Reached skill level 1 in Spellcasting
    26 | D:5      | Reached skill level 1 in Invocations
    26 | D:5      | Reached skill level 1 in Evocations
    26 | D:5      | Reached XP level 2. HP: 29/29 MP: 1/3
    26 | D:5      | Reached XP level 3. HP: 35/35 MP: 1/4
    26 | D:5      | Reached XP level 4. HP: 41/41 MP: 1/5
    40 | D:5      | Noticed a scorpion
    46 | D:5      | Killed a scorpion
    47 | D:5      | Reached skill level 1 in Conjurations
    47 | D:5      | Reached skill level 1 in Hexes
    47 | D:5      | Reached skill level 1 in Summonings
    47 | D:5      | Reached skill level 1 in Necromancy
    47 | D:5      | Reached skill level 1 in Translocations
    47 | D:5      | Reached skill level 1 in Transmutations
    47 | D:5      | Reached skill level 1 in Fire Magic
    47 | D:5      | Reached skill level 1 in Ice Magic
    47 | D:5      | Reached skill level 1 in Air Magic
    47 | D:5      | Reached skill level 1 in Earth Magic
    47 | D:5      | Reached skill level 1 in Poison Magic
    47 | D:5      | Reached XP level 5. HP: 47/47 MP: 2/7
   342 | D:3      | HP: 1/47 [iguana (13)]
   767 | D:4      | Found a runed translucent door.
   772 | D:4      | Noticed SHADDY's ghost (novice VSFi)
  1256 | D:2      | Reached XP level 6. HP: 53/53 MP: 8/8
  1829 | D:1      | Got the Tome of the Icy Entourage
  1830 | D:1      | Found a faded altar of an unknown god.
  2778 | D:3      | Reached skill level 5 in Short Blades
  2778 | D:3      | Reached skill level 5 in Dodging
  3569 | D:5      | Reached XP level 7. HP: 59/59 MP: 10/10
  4871 | D:6      | Reached skill level 10 in Stealth
  5085 | D:6      | Reached XP level 8. HP: 67/67 MP: 12/12
  5114 | D:6      | Found a shimmering blue altar of Sif Muna.
  6473 | D:7      | Reached XP level 9. HP: 73/73 MP: 14/14
  6488 | D:7      | Found a staircase to the Ecumenical Temple.
  6591 | Temple   | Entered the Ecumenical Temple
  6875 | Temple   | Became a worshipper of Ru the Awakened
  7666 | D:8      | Noticed Joseph
  7692 | D:8      | Killed Joseph
  7693 | D:8      | Reached skill level 5 in Invocations
  8114 | D:8      | Identified the +1 plate armour "Wyoxt" {Slay+3}
  8236 | D:8      | Noticed Grum
  8250 | D:8      | Mangled by Grum

Illustrated notes

Levels and vault maps discovered:
D:1:      scummos_arrival_forest, layout_loops_cross,
          nicolae_ecumenical_lake_church
D:2:      layout_loops_cross
D:3:      layout_basic, hangedman_abyss_or_decor_stabs
D:4:      layout_basic, ebering_ghost_sewer_d, minmay_pentangle
D:5:      layout_basic, kennysheep_potato
D:6:      layout_loops_corners, mainiacjoe_overflow_24_doors, nrook_uturn
D:7:      layout_cave_pools, minmay_temple_entry_large_hall, st_stairs_10
D:8:      layout_basic, special_room [special_room_kobold], uniq_joseph,
          uniq_grum
Temple:   kilobyte_greek_temple

Skill      XL: |  1  2  3  4  5  6  7  8  9 |
---------------+----------------------------+-----
Stealth        | 10 | 10.7
Long Blades    | 1 2 3 4 |  4.7
Axes           | 1 2 3 4 |  4.7
Maces & Flails | 1 2 3 4 |  4.7
Polearms       | 1 2 3 4 |  4.7
Staves         | 1 2 3 4 |  4.7
Slings         | 1 2 3 4 |  4.7
Bows           | 1 2 3 4 |  4.7
Crossbows      | 1 2 3 4 |  4.7
Throwing       | 1 2 3 4 |  4.7
Armour         | 1 2 3 4 |  4.7
Shields        | 1 2 3 4 |  4.7
Unarmed Combat | 1 2 3 4 |  4.7
Spellcasting   | 1 2 3 4 |  4.7
Invocations    | 1 2 3 4 5 |  5.2
Evocations     | 1 2 3 4 |  4.7
Conjurations   | 1 2 3 |  3.9
Hexes          | 1 2 3 |  3.9
Summonings     | 1 2 3 |  3.9
Necromancy     | 1 2 3 |  3.9
Translocations | 1 2 3 |  3.9
Transmutations | 1 2 3 |  3.9
Fire Magic     | 1 2 3 |  3.9
Ice Magic      | 1 2 3 |  3.9
Air Magic      | 1 2 3 |  3.9
Earth Magic    | 1 2 3 |  3.9
Poison Magic   | 1 2 3 |  3.9
Short Blades   | 5 6 |  6.6
Dodging        | 5 6 |  6.6
Fighting       | 7 8 |  8.2

Action                   |  1- 3 |  4- 6 |  7- 9 || total
-------------------------+-------+-------+-------++-------
Melee: Short sword       |     1 |   226 |       ||   227
       Bite              |       |    40 |    27 ||    67
       Punch             |       |     1 |    10 ||    11
       Dagger            |       |    44 |   299 ||   343
  Use: Potion            |       |     2 |     3 ||     5
       Scroll            |       |     5 |     7 ||    12
 Stab: Sleeping          |     1 |    19 |    18 ||    38
       Distracted        |       |     2 |     1 ||     3
Armor: Leather armour    |       |    79 |    49 ||   128
       Skin              |       |     3 |       ||     3
Dodge: Dodged            |       |   154 |   102 ||   256
